 Dungeon Crawl Stone Soup version 0.29.1-2-gbd0b4ee654 (webtiles) character file.

Game seed: 15823599837333698279

2443 safid the Skirmisher (level 9, -2/81 HPs)
             Began as a Minotaur Hunter on Nov 15, 2022.
             Slain by an iguana (8 damage)
             ... on level 7 of the Dungeon.
             The game lasted 00:14:16 (7094 turns).

safid the Skirmisher (Minotaur Hunter)              Turns: 7094, Time: 00:14:16

Health: -2/81      AC:  9    Str: 17    XL:     9   Next: 25%
Magic:  17/17      EV: 13    Int:  6    God:
Gold:   406        SH:  0    Dex: 24    Spells: 8/8 levels left

rFire   + . .      SeeInvis +   a - +0 shortbow
rCold   . . .      Faith    .   (shield currently unavailable)
rNeg    . . .      Spirit   .   t - +0 scale mail
rPois   .          Reflect  .   (helmet restricted)
rElec   .          Harm     .   (no cloak)
rCorr   .          Rampage  .   d - +0 pair of gloves
Will    .....                   u - +1 pair of boots
Stlth   +.........              (no amulet)
HPRegen 0.23/turn               h - ring of see invisible
MPRegen 0.15/turn               b - ring "Etaelel" {rF+ MP+9 Dex+7 Stlth-}

@: flying (expiring)
A: horns 2, retaliatory headbutt
a: no special abilities


You were on level 7 of the Dungeon.
You visited 1 branch of the dungeon, and saw 7 of its levels.

You collected 406 gold pieces.

Inventory:

Hand Weapons
 a - a +0 shortbow (weapon)
Missiles
 r - 4 throwing nets
Armour
 d - a +0 pair of gloves (worn)
 t - a +0 scale mail (worn)
 u - a +1 pair of boots (worn)
Jewellery
 b - the ring "Etaelel" (right hand) {rF+ MP+9 Dex+7 Stlth-}
   (You found it on level 4 of the Dungeon)

   [ring of protection from fire]

   Dex:       It affects your dexterity (+7).
   rF:        It protects you from fire.
   MP:        It affects your magic capacity (+9).
   Stlth:     It makes you less stealthy.
 h - a ring of see invisible (left hand)
Wands
 o - a wand of mindburst (10)
Scrolls
 f - a scroll of magic mapping
 k - a scroll of blinking {unknown}
 l - a scroll of silence {unknown}
 m - a scroll of enchant armour
 p - 2 scrolls of butterflies {unknown}
 q - a scroll of poison {unknown}
 s - 4 scrolls of teleportation
Potions
 i - a potion of flight
 j - 2 potions of haste {unknown}


   Skills:
 - Level 8.0 Fighting
 + Level 9.7 Ranged Weapons
 - Level 6.0 Dodging
 - Level 4.6 Stealth


You had 8 spell levels left.
You didn't know any spells.
Your spell library contained the following spells:

 Spells                   Type           Power      Damage    Failure   Level
 Ensorcelled Hibernation  Hex/Ice        0%         N/A       95%         2
 Passwall                 Tmut/Erth      0%         N/A       95%         2
 Swiftness                Air            0%         N/A       99%         3
 Borgnjor's Revivificati  Necr           0%         N/A       100%        8
 Necromutation            Tmut/Necr      0%         N/A       100%        8
 Death's Door             Necr           0%         N/A       100%        9


Dungeon Overview and Level Annotations

Branches:
Dungeon (7/15)             Temple (0/1) D:7

Altars:
Ashenzari
Fedhas
Gozag
Makhleb
Nemelex Xobeh
Qazlal
Trog
Uskayaw
Wu Jian
Xom
Yredelemnul
Zin

Shops:
D:5 *


Innate Abilities, Weirdness & Mutations

You have a pair of horns on your head.
You reflexively headbutt those who attack you in melee.


Message History

You shoot an arrow. The arrow closely misses the goblin.
The goblin throws a boomerang.
The boomerang hits you but does no damage.
Fire: a) +0 shortbow
Press: ? - help, Q - select action, (/) - cycle Shift-Dir - straight line, f - gnoll, p - goblin
Aim: a gnoll, wielding a +0 halberd (74% to hit)
You shoot an arrow. The arrow closely misses the gnoll.
The goblin throws a boomerang.
The boomerang closely misses you.
An iguana comes into view.
Fire: a) +0 shortbow
Press: ? - help, Q - select action, (/) - cycle Shift-Dir - straight line, f/p - gnoll
Aim: a gnoll, wielding a +0 halberd (74% to hit)
You shoot an arrow. The arrow hits the gnoll!
The gnoll is severely wounded.
The gnoll misses you. The gnoll barely misses you.
Fire: a) +0 shortbow
Press: ? - help, Q - select action, (/) - cycle Shift-Dir - straight line, f/p - gnoll
Aim: a gnoll, wielding a +0 halberd (severely wounded, 74% to hit)
You shoot an arrow. The arrow closely misses the gnoll.
You are starting to lose your buoyancy.
The iguana closely misses you. You furiously retaliate!
You headbutt the iguana.
The goblin throws a boomerang.
The boomerang closely misses you. The gnoll barely misses you.
Fire: a) +0 shortbow
Press: ? - help, Q - select action, (/) - cycle Shift-Dir - straight line, f/p - gnoll
Aim: a gnoll, wielding a +0 halberd (severely wounded, 74% to hit)
You shoot an arrow. The arrow hits the gnoll.
The gnoll is severely wounded.
You hear the faint creaking of a portcullis very nearby.
The iguana bites you but does no damage.
The gnoll hits you from afar with a +0 halberd.
* * * LOW HITPOINT WARNING * * *
Unknown command.
Fire: a) +0 shortbow
Press: ? - help, Q - select action, (/) - cycle Shift-Dir - straight line, f/p - gnoll
Aim: a gnoll, wielding a +0 halberd (severely wounded, 74% to hit)
You shoot an arrow. The arrow hits the gnoll!
You kill the gnoll!
The goblin throws a boomerang.
The boomerang misses you. The iguana bites you!
You die...

#.......(....[....'.,,,,,,,,,,
#....####........g#***,,,,****
#.#.## ##.......#* **,*,*
#.### ##.....## ***,* #.#
******##...## *,* #^#
*.......#'## *,* #.#
*.#####.#)# ******,* #.# *,*
###.#.######.,,,,,* #.# *,*
#...l@.......****** #.# *,*
#.#....######* **,***,*
*,#.....# *,,,**,***,#g...##
***** *,,,,,,,,,,..#.## *,,,*
*,,,,,,,,,.###.# *,⌠,* *
**,,~~~~~..* #.# ****,,,****
*,,~,>,≈.,* #.# **,,,,,,,,,,
*,,~,∩,~,,* *,* *,,⌠,,>,,⌠,,


You could see an iguana and a goblin.

Vanquished Creatures
  Menkaure (D:5)
  2 water moccasins (D:5)
  An orc warrior (D:7)
  3 sky beasts
  Duvessa (D:6)
  3 ice beasts
  An ogre (D:5)
  A centaur (D:5)
  A necrophage (D:6)
  A bullfrog (D:6)
  A wight (D:4)
  A scorpion (D:5)
  Dowan (D:6)
  A howler monkey (D:5)
  2 hounds
  A jelly (D:4)
  An orc priest (D:7)
  2 gnoll boudas
  A human zombie (D:4)
  A scorpion zombie (D:4)
  Natasha (twice) (D:4)
  8 iguanas
  An orc wizard (D:6)
  2 hound zombies (D:4)
  A howler monkey zombie (D:4)
  2 mummies (D:4)
  13 gnolls
  4 adders
  2 white imps (D:6)
  2 ufetubi
  4 adder zombies (D:4)
  3 worms
  3 dart slugs (D:2)
  14 orcs
  3 ball pythons
  6 endoplasms
  6 giant cockroaches
  11 goblins
  13 hobgoblins
  4 jackals (D:2)
  7 kobolds
  6 quokkas
  11 bats
  4 frilled lizards
  6 rats
165 creatures vanquished.

Vanquished Creatures (others)
  A fungus (D:6)
  5 plants (D:6)
6 creatures vanquished.

Grand Total: 171 creatures vanquished

Notes
Turn   | Place    | Note
-------+----------+-------------------------------------------
     0 | D:1      | safid the Minotaur Hunter began the quest for the Orb.
     0 | D:1      | Reached XP level 1. HP: 18/18 MP: 0/0
    81 | D:1      | Reached skill level 1 in Stealth
   173 | D:1      | Reached XP level 2. HP: 25/25 MP: 1/1
   466 | D:1      | Found a faded altar of an unknown god.
   796 | D:1      | Reached XP level 3. HP: 31/31 MP: 2/2
  1683 | D:2      | Reached XP level 4. HP: 38/38 MP: 3/3
  1684 | D:2      | Identified the +4 hand axe of Death's Door {venom, *Rage
                  | +Blink MP+9 Int+8}
  2281 | D:3      | Found a hide-covered altar of Uskayaw.
  2281 | D:3      | Noticed a +0 hand axe
  2282 | D:3      | Noticed a +0 dagger
  2551 | D:3      | Reached skill level 5 in Ranged Weapons
  2576 | D:3      | Found a sparkling altar of Nemelex Xobeh.
  2610 | D:3      | Found a bloodstained altar of Trog.
  2803 | D:4      | Found an ornate altar of the Wu Jian Council.
  2861 | D:4      | Noticed Natasha
  2867 | D:4      | Reached XP level 5. HP: 40/46 MP: 4/4
  2874 | D:4      | Killed Natasha
  3021 | D:4      | Noticed Natasha
  3024 | D:4      | Killed Natasha
  3400 | D:4      | Identified the ring "Etaelel" {rF+ MP+9 Dex+7 Stlth-}
  3422 | D:4      | Reached XP level 6. HP: 37/53 MP: 5/5
  3572 | D:4      | Found a basalt altar of Yredelemnul.
  3928 | D:4      | Found a shimmering altar of Xom.
  4016 | D:4      | Reached skill level 5 in Fighting
  4323 | D:5      | Entered Level 5 of the Dungeon
  4342 | D:5      | Noticed Menkaure
  4603 | D:5      | Killed Menkaure
  4604 | D:5      | Reached skill level 6 in Ranged Weapons
  4604 | D:5      | Reached XP level 7. HP: 18/61 MP: 6/6
  4701 | D:5      | Reached skill level 5 in Dodging
  5080 | D:5      | Reached XP level 8. HP: 31/70 MP: 7/7
  5352 | D:5      | Found Pakki's Serpentskin Sales.
  5715 | D:5      | Found an opulent altar of Gozag.
  5908 | D:5      | Reached skill level 7 in Ranged Weapons
  6033 | D:6      | Found a blossoming altar of Fedhas.
  6056 | D:6      | Found a stormy altar of Qazlal.
  6295 | D:6      | Noticed Duvessa
  6298 | D:6      | Noticed Dowan
  6309 | D:6      | Killed Duvessa
  6316 | D:6      | Killed Dowan
  6508 | D:6      | Reached skill level 8 in Ranged Weapons
  6681 | D:6      | Found a burning altar of Makhleb.
  6688 | D:6      | Found a glowing silver altar of Zin.
  6688 | D:6      | Found a broken altar of Ashenzari.
  6733 | D:6      | Reached XP level 9. HP: 81/81 MP: 8/8
  7045 | D:7      | Reached skill level 9 in Ranged Weapons
  7056 | D:7      | Identified the +1 leather armour "Cite" {+Blink rElec Str-4
                  | Int+5}
  7068 | D:7      | HP: 4/81 [sky beast (5)]
  7094 | D:7      | Slain by an iguana

Illustrated notes

Levels and vault maps discovered:
D:1:      ncdulo_wetmaze, layout_basic, shapermc_ecumenical_altar_venn,
          supply_closet_lemuel, fountainhead
D:2:      layout_basic, minmay_pentomino_q2
D:3:      layout_loops_ring, nemelex_dance_club_becter, trog_hazing_becter,
          dancing_weapons_uskayaw
D:4:      layout_cave_pods, lemuel_mausoleum_altar_yredelemnul, kennysheep_mini,
          kennysheep_mini_moat, kennysheep_donut, uniq_natasha
D:5:      layout_rooms, kennysheep_little_box, chequers_serial_rivers_large_b,
          guppyfry_shop_venom, uniq_menkaure
D:6:      layout_cave_pools, grunt_temple_overflow_forces_of_nature,
          gammafunk_temple_overflow_forgotten, uniq_duvessa
D:7:      layout_loops_corners, minmay_temple_entry_junction, enter_bailey_5,
          nicolae_concentric_dashed_squares_mild

Skill      XL: |  1  2  3  4  5  6  7  8  9 |
---------------+----------------------------+-----
Stealth        | 1 2 3 4 |  4.6
Fighting       | 3 4 5 6 8 |  8.0
Dodging        | 3 4 5 6 |  6.0
Ranged Weapons | 5 6 8 9 |  9.7

Action                   |  1- 3 |  4- 6 |  7- 9 || total
-------------------------+-------+-------+-------++-------
 Fire: Shortbow          |    98 |   228 |   288 ||   614
  Use: Potion            |       |     1 |     5 ||     6
       Scroll            |       |       |     9 ||     9
Armor: Leather armour    |    11 |    10 |       ||    21
       Scale mail        |       |    47 |    70 ||   117
Dodge: Dodged            |    20 |    88 |   131 ||   239
